[Event "Late-Titled-Tuesday-Blitz-October-03-2023"]
[Site "Chess.com"]
[Date "2023.10.03"]
[Round "8"]
[White "Oleksandr_Bortnyk"]
[Black "BillieKimbah"]
[Result "1-0"]
[WhiteElo "3026"]
[BlackElo "2970"]
[TimeControl "180+1"]
[EndTime "15:24:24 PDT"]
[Termination "Oleksandr_Bortnyk won on time"]

1. e4 c6 2. c4 g6 3. Nc3 Bg7 4. d4 d6 5. Be3 Nf6 6. Be2 Na6 7. h4 h5 8. f3 O-O 9. Qd2 Nc7 10.
Bd1 b5 11. cxb5 cxb5 12. Bb3 b4 13. Nce2 a5 14. a4 bxa3 15. bxa3 a4 16. Ba2 Be6 17. Nh3 Bxa2 18. Rxa2 Rb8 19. O-O Qd7 20. Bh6 Rb3 21.
Bxg7 Kxg7 22. Nc1 Rb1 23. d5 Rfb8 24. Nf4 Qb5 25. Rc2 Na6 26. Ncd3 Rb3 27. Re1 Qb6+ 28. Kh2 Qd4 29. Rec1 Rxa3 30. Rc4 Qa7 31. Rc6 Nc5 32. Nxc5 dxc5 33. e5 Ng8 34. Nxg6 fxg6 35. Qg5 Kf8 36.
Rxg6 1-0

[Event "Late-Titled-Tuesday-Blitz-October-03-2023"]
[Site "Chess.com"]
[Date "2023.10.03"]
[Round "8"]
[White "jcibarra"]
[Black "BeanScreen"]
[Result "1-0"]
[WhiteElo "2947"]
[BlackElo "2723"]
[TimeControl "180+1"]
[EndTime "15:24:24 PDT"]
[Termination "jcibarra won by resignation"]

1. e4 e5 2. Nf3 Nc6 3. Bb5 a6 4. Bxc6 dxc6 5. O-O Qf6 6. d4 exd4 7. Bg5 Qd6 8. Nxd4 Be7 9. Be3 Bd7 10. Nd2 O-O-O 11. Nc4 Qg6 12. Ne5 Qf6 13. Nxd7 Rxd7 14. Qg4 Qg6 15. Qh3 Qxe4 16. Nf5 Nf6 17. Rfe1 Qg4 18.
Qxg4 Nxg4 19. Bd4 Bf6 20. Bxf6 Nxf6 21. Nxg7 Rd2 22. Rac1 Ng4 23. f3 Rg8 24. Nf5 Rxg2+ 25. Kxg2 Ne3+ 26. Kf2 Nxf5 27. Re5 Nd6 28. Rg1 Rd8 29. b3 Nb5 30. Rg7 Rd2+ 31. Re2 Rd8 32. Rxf7 b6 33. Rxh7 Kb7 34. c4 Nc3 35. Ree7 Rc8 36.
a4 a5 37. h4 Na2 38. h5 Nc1 39. h6 Nxb3 40. Rxc7+ Rxc7 41. Rxc7+ Kxc7 42. h7 Kd6 43. h8=Q Kc5 44. Qc3 Nd4 45. f4 Nf5 46. Qe5+ Kxc4 47. Qxf5 b5 48. Qe6+ Kc5 49. Qe5+ Kb4 50. axb5 cxb5 51.
Qd4+ Kb3 52. Qc5 Ka4 53. Ke3 b4 54. Kd3 b3 55. Qc4+ Ka3 56. Kc3 a4 57. Qb4+ Ka2 58.
Qxa4+ 1-0

[Event "Late-Titled-Tuesday-Blitz-October-03-2023"]
[Site "Chess.com"]
[Date "2023.10.03"]
[Round "8"]
[White "NMJeevanK"]
[Black "SpeedofLight0"]
[Result "1-0"]
[WhiteElo "2587"]
[BlackElo "2991"]
[TimeControl "180+1"]
[EndTime "15:24:24 PDT"]
[Termination "NMJeevanK won by resignation"]

1. e4 g6 2. d4 Bg7 3. Nc3 d6 4. Be3 a6 5. g4 b5 6. Bg2 Bb7 7.
h4 h6 8. Qd2 Nd7 9. f4 Ngf6 10.
e5 Bxg2 11. Qxg2 dxe5 12. dxe5 Nh7 13. O-O-O b4 14. Na4 O-O 15. Nc5 Qc8 16. Rxd7 Re8 17.
Qc6 Nf8 18. Rxc7 Qxg4 19. Qf3 Qf5 20. h5 Rac8 21. Rxc8 Rxc8 22. hxg6 fxg6 23. Qe4 Qf7 24. Kb1 g5 25. Nh3 g4 26. Nf2 h5 27. Nfd3 e6 28.
Qb7 Rc7 29. Qxb4 g3 30. Qe4 Bh6 31. Qf3 Qg6 32. Rxh5 Rg7 33. Rh1 Qe4 34. Nxe4 g2 35. Nf6+ Kf7 36. Rg1 Ng6 37. Rxg2 Nh4 38. Rxg7+ Kxg7 39. Qg4+ Ng6 40. f5 exf5 41. Bxh6+ Kxh6 42. Qxf5 Kg7 43. Ng4 Ne7 44. Qf6+ Kg8 45. Qxe7 1-0

[Event "Late-Titled-Tuesday-Blitz-October-03-2023"]
[Site "Chess.com"]
[Date "2023.10.03"]
[Round "8"]
[White "venturov"]
[Black "IPAchess"]
[Result "0-1"]
[WhiteElo "2480"]
[BlackElo "2346"]
[TimeControl "180+1"]
[EndTime "15:24:28 PDT"]
[Termination "IPAchess won by resignation"]

1. Nf3 d5 2. e3 Nf6 3. c4 e6 4. b3 Bd6 5. Bb2 O-O 6. Nc3 Nbd7 7. Qc2 a6 8. d4 b6 9. Bd3 Bb7 10. cxd5 exd5 11. O-O Qe7 12. Ne2 Rfe8 13. Ng3 g6 14. Rfe1 Rac8 15. Nd2 c5 16. dxc5 Nxc5 17. Qb1 Be5 18.
Bf1 h5 19. Nf3 Bxb2 20. Qxb2 Nce4 21. Nxe4 dxe4 22. Nd4 Ng4 23. h3 Ne5 24. Rac1 Qg5 25.
Rxc8 Bxc8 26. Kh1 Qh4 27. Rc1 Nd3 28. Bxd3 exd3 29. Nf3 Qe4 30. Ng5 Qb7 31. Qd4 Bf5 32. f3 Qe7 33. h4 Rd8 34. Qxb6 d2 35. Rd1 Bc2 36. Rxd2 Rxd2 37. Qc5 Qxc5 0-1

[Event "Late-Titled-Tuesday-Blitz-October-03-2023"]
[Site "Chess.com"]
[Date "2023.10.03"]
[Round "8"]
[White "talaicito"]
[Black "Bala-Afiada"]
[Result "1-0"]
[WhiteElo "2175"]
[BlackElo "1932"]
[TimeControl "180+1"]
[EndTime "15:24:28 PDT"]
[Termination "talaicito won on time"]

1. d4 Nf6 2. Nc3 e6 3. Bf4 c6 4.
Nf3 d5 5. e3 Bd6 6. Bd3 Bxf4 7.
exf4 Nbd7 8. O-O c5 9. dxc5 Nxc5 10. Ne5 Nxd3 11. Qxd3 O-O 12. Ne2 a6 13. Nd4 b5 14.
c3 Bb7 15. Rad1 Qc7 16. Rfe1 Rac8 17. g4 Ne4 18. f3 Nc5 19. Qe2 f6 20. Nd3 Nxd3 21.
Qxd3 e5 22. Nf5 Qc5+ 23. Kg2 e4 24. Qd4 exf3+ 25. Kxf3 Qxd4 26. Rxd4 Rce8 27. Rxe8 Rxe8 28. Nd6 Re7 29. Nxb7 Rxb7 30. Rxd5 Kf7 31. Rd6 a5 32. Ra6 a4 33. f5 g6 34. Kf4 g5+ 35. Kf3 Rd7 36.
Rb6 Rd3+ 37. Ke4 Rd2 38. Rb7+ Kg8 39. Rxb5 Rxh2 40. Kd5 Rd2+ 41. Ke6 Kg7 42. Rb7+ Kh6 43. Kxf6 Rd6+ 44. Ke7 Rc6 45. f6 Kg6 46. f7 1-0

[Event "Late-Titled-Tuesday-Blitz-October-03-2023"]
[Site "Chess.com"]
[Date "2023.10.03"]
[Round "8"]
[White "MathiasWomacka"]
[Black "Quattroporte300"]
[Result "0-1"]
[WhiteElo "2498"]
[BlackElo "2372"]
[TimeControl "180+1"]
[EndTime "15:24:29 PDT"]
[Termination "Quattroporte300 won on time"]

1. e4 c5 2. Nf3 Nc6 3. d4 cxd4 4. Nxd4 Nf6 5. Nc3 d6 6. Be2 e5 7. Nf3 Be7 8. O-O O-O 9. Bg5 Be6 10. Bxf6 Bxf6 11. Nd5 Be7 12. Qd3 f5 13. c3 fxe4 14.
Qxe4 Kh8 15. Rad1 Bf5 16. Qe3 h6 17. Bd3 Bxd3 18. Rxd3 Bg5 19. Nxg5 hxg5 20. Rfd1 g6 21. Qh3+ Kg7 22. Ne3 Qf6 23. Ng4 Qf5 24. Rxd6 Rad8 25. Qh6+ Kf7 26. Qh7+ Ke8 27. Rxd8+ Nxd8 28. h3 Qf7 29. Nf6+ Ke7 30. Rd7+ Kxf6 31. Rxf7+ Nxf7 32. h4 Rh8 33. hxg5+ Ke7 34. Qg7 Rh5 35. Qf6+ Kf8 36. Qxg6 Rxg5 37. Qe6 Kg7 38. Qe7 Rg6 39. Qxb7 Rb6 40.
Qxa7 Rxb2 41. a4 Kf6 42. a5 Ng5 43. a6 Ne4 44. Qe3 Nd2 45. g3 e4 0-1

[Event "Late-Titled-Tuesday-Blitz-October-03-2023"]
[Site "Chess.com"]
[Date "2023.10.03"]
[Round "8"]
[White "Hilary46"]
[Black "BigAl"]
[Result "0-1"]
[WhiteElo "2625"]
[BlackElo "2562"]
[TimeControl "180+1"]
[EndTime "15:24:32 PDT"]
[Termination "BigAl won on time"]

1. e4 c6 2. d4 d5 3. e5 Bf5 4. c4 e6 5. Nc3 Ne7 6. Nf3 dxc4 7. Bxc4 Nd7 8. O-O Nb6 9. Bd3 Bxd3 10.
Qxd3 Ng6 11. Bd2 Nh4 12. Nxh4 Qxh4 13. Ne4 Be7 14. Rac1 O-O 15. f4 Rad8 16. f5 exf5 17. Rxf5 c5 18. Rf4 Qh5 19. Nxc5 Bxc5 20. Rxc5 Nd5 21. Re4 Qf5 22. Qf3 Qe6 23. Re1 Rd7 24.
a3 Rfd8 25. Rec1 Nb6 26. Bg5 Re8 27. Be3 h6 28. Bf2 Kh7 29. h3 Qg6 30. Rc7 Red8 31.
Rxd7 Rxd7 32. b3 Qe6 33. a4 Qd5 34. Qxd5 Nxd5 35. Rc8 Kg6 36. Kf1 Kf5 37. Ke2 Ke4 38.
Ra8 Nf4+ 39. Kf1 Rc7 0-1

[Event "Late-Titled-Tuesday-Blitz-October-03-2023"]
[Site "Chess.com"]
[Date "2023.10.03"]
[Round "8"]
[White "lemures27"]
[Black "Kirill_Klukin"]
[Result "1-0"]
[WhiteElo "2484"]
[BlackElo "2683"]
[TimeControl "180+1"]
[EndTime "15:24:34 PDT"]
[Termination "lemures27 won by resignation"]

1. e4 c5 2. Nf3 g6 3. c3 Bg7 4. d4 cxd4 5. cxd4 d5 6. e5 a6 7. h3 Nc6 8. Nc3 f6 9. Bf4 fxe5 10. dxe5 e6 11. Be2 Nge7 12. O-O O-O 13. Bh2 Bd7 14. Re1 Rc8 15. Bd3 b5 16. Rc1 Qb6 17. a3 Nf5 18. Qd2 Bh6 19. Qd1 Bxc1 20. Qxc1 Nh4 21. Be2 Nxf3+ 22. Bxf3 Nd4 23. Bg4 Nb3 24.
Qc2 d4 25. Qxb3 dxc3 26. Bg3 c2 27. Rc1 Qc6 28. Qd3 Be8 29. Bh4 Rf4 30. Bf6 Qc4 31. Qd2 Bf7 32. g3 Rxf6 33. exf6 Qc5 34. Qh6 Qf8 35. Qe3 Qc5 36. Qh6 Qf8 37. Qd2 h5 38.
Bf3 Qc5 39. Be4 Qe5 40. Rxc2 Rxc2 41. Qd8+ Kh7 42. Bxc2 Qe1+ 43. Kg2 Qe5 44. Qe7 Qd5+ 45. Kh2 Kg8 46. Bxg6 e5 47. Bxf7+ Qxf7 48. Qxe5 Qb3 49. Qe7 Qf7 50. Qxf7+ Kxf7 51. g4 1-0

[Event "Late-Titled-Tuesday-Blitz-October-03-2023"]
[Site "Chess.com"]
[Date "2023.10.03"]
[Round "8"]
[White "jguerramzllo"]
[Black "Valeron87"]
[Result "1-0"]
[WhiteElo "2680"]
[BlackElo "2481"]
[TimeControl "180+1"]
[EndTime "15:24:34 PDT"]
[Termination "jguerramzllo won on time"]

1. e4 c5 2. Nf3 Nc6 3. d4 cxd4 4. Nxd4 Nf6 5. Nc3 e5 6. Ndb5 d6 7. Bg5 a6 8. Na3 b5 9. Nd5 Be7 10. Bxf6 Bxf6 11. c4 b4 12. Nc2 O-O 13. g3 a5 14. Bg2 g6 15. Nxf6+ Qxf6 16. O-O Be6 17. Qd3 Rfd8 18. Rad1 h5 19. Rd2 h4 20. b3 a4 21. Qe3 axb3 22. axb3 Ra2 23. h3 Na5 24. Rb1 Bxc4 25. Nxb4 Rxd2 26. Qxd2 Nxb3 27. Qc3 Be6 28. Rxb3 Bxb3 29. Qxb3 hxg3 30. Qxg3 Rb8 31. Nd5 Qe6 32. h4 Kg7 33. h5 Rh8 34. Bf3 Rh6 35. Kf1 Qc8 36. Kg2 Qd8 37. Ne3 Kh7 38. hxg6+ Rxg6 39. Bg4 Kg8 40. Nf5 Qg5 41. Kf3 1-0

[Event "Late-Titled-Tuesday-Blitz-October-03-2023"]
[Site "Chess.com"]
[Date "2023.10.03"]
[Round "8"]
[White "GMBenjaminBok"]
[Black "Rodalquilar"]
[Result "1-0"]
[WhiteElo "2987"]
[BlackElo "2735"]
[TimeControl "180+1"]
[EndTime "15:24:35 PDT"]
[Termination "GMBenjaminBok won on time"]

1. d4 d5 2. c4 e6 3. Nc3 h6 4. Nf3 Nf6 5. Bf4 Bd6 6. Bxd6 Qxd6 7. e3 O-O 8. Rc1 b6 9. cxd5 Nxd5 10. Nxd5 Qxd5 11. Bc4 Qa5+ 12. Qd2 Qxd2+ 13. Kxd2 Bb7 14. Ke2 Rc8 15. Rc2 a6 16. Rhc1 Nd7 17. b4 a5 18.
Bb3 c6 19. bxa5 Rxa5 20. Nd2 Rh5 21. h3 c5 22. Ba4 Ba6+ 23. Ke1 b5 24. Bb3 c4 25. a4 Bb7 26. axb5 Bxg2 27. Rxc4 Rxc4 28. Rxc4 Rxb5 29. Rc8+ Nf8 30. h4 g6 31. f4 Kg7 32. Kf2 Bd5 33. Bxd5 exd5 34. Rc5 Rb2 35. Ke2 Nd7 36. Rxd5 Nf6 37. Re5 Ng4 38. Rc5 Nf6 39.
Kd3 Ra2 40. Nc4 Ra3+ 41. Nxa3 1-0

[Event "Late-Titled-Tuesday-Blitz-October-03-2023"]
[Site "Chess.com"]
[Date "2023.10.03"]
[Round "8"]
[White "Let_it_be_1"]
[Black "Ducke13"]
[Result "1-0"]
[WhiteElo "2628"]
[BlackElo "2478"]
[TimeControl "180+1"]
[EndTime "15:24:36 PDT"]
[Termination "Let_it_be_1 won on time"]

1. e4 c5 2. Nf3 d6 3. d4 cxd4 4.
Nxd4 Nf6 5. Nc3 a6 6. Be2 e5 7. Nb3 Be6 8. f4 Be7 9. O-O O-O 10. Kh1 b5 11. a4 b4 12. Nd5 Bxd5 13. exd5 Nbd7 14. fxe5 Nxe5 15. Nd4 Nxd5 16. Nf5 Nf6 17. Bg5 Ng6 18. Qd4 Ne8 19. Nxe7+ Nxe7 20. Bc4 d5 21. Rad1 f6 22. Bf4 Nc7 23. Qb6 Rc8 24.
Bb3 Qd7 25. Rfe1 Ng6 26. Bxc7 Qxc7 27. Qxb4 Rfd8 28. Bxd5+ Kh8 29. Be4 Ne5 30. Qb7 Qc5 31. h3 Qf2 32. Qe7 Rd2 33. Rf1 Qf3 34. Bxf3 1-0

[Event "Late-Titled-Tuesday-Blitz-October-03-2023"]
[Site "Chess.com"]
[Date "2023.10.03"]
[Round "8"]
[White "Likvidator228"]
[Black "The_Princess_Moon"]
[Result "1-0"]
[WhiteElo "2536"]
[BlackElo "2280"]
[TimeControl "180+1"]
[EndTime "15:24:36 PDT"]
[Termination "Likvidator228 won on time"]

1. g4 c5 2. Bg2 Nc6 3. c4 d6 4. g5 e6 5. h4 d5 6. Nf3 dxc4 7. Na3 h6 8. Nxc4 hxg5 9. hxg5 Rxh1+ 10. Bxh1 Nge7 11. d3 Nf5 12. Bf4 Be7 13. Qd2 Bd7 14.
Nfe5 Rc8 15. Nxd7 Qxd7 16. O-O-O b5 17. Ne5 Nxe5 18. Bxe5 Bd6 19. Qf4 Nd4 20. Re1 Bf8 21. Kb1 Nc6 22. Bc3 b4 23. Bd2 Nd4 24. e3 Nf5 25.
Be4 Nd6 26. Bf3 Qb5 27. Be2 Qa4 28. b3 Qa3 29. Bc1 Qa5 30. Bb2 Nb5 31. Rc1 Qb6 32. g6 f6 33. Qc4 Rd8 34. d4 a6 35. dxc5 Qc6 36. Qxb4 Be7 37. a4 Nc7 38. Qb6 Qe4+ 39. Ka1 Nd5 40. Qxa6 Kf8 41. Qc4 Qf5 42. e4 Qxf2 43. exd5 exd5 44. Qc2 Rb8 45. Bb5 Qg3 46. c6 Qxg6 47. Qxg6 1-0

[Event "Late-Titled-Tuesday-Blitz-October-03-2023"]
[Site "Chess.com"]
[Date "2023.10.03"]
[Round "8"]
[White "Giorno"]
[Black "DucksParadise"]
[Result "0-1"]
[WhiteElo "2511"]
[BlackElo "2650"]
[TimeControl "180+1"]
[EndTime "15:24:37 PDT"]
[Termination "DucksParadise won by resignation"]

1. a3 g6 2. c4 Bg7 3. e3 e5 4. Nc3 Ne7 5. Nf3 O-O 6. d4 exd4 7. Nxd4 d5 8. Be2 dxc4 9. Bxc4 c5 10. Nde2 Qxd1+ 11. Nxd1 Nbc6 12. O-O Ne5 13. Bb3 c4 14. Bc2 Bf5 15.
e4 Be6 16. f4 Nd3 17. Ndc3 a6 18. Rb1 b5 19. Be3 Rfd8 20. h3 f6 21. g4 f5 22. gxf5 gxf5 23. e5 Bh6 24. Nd4 Bxf4 25. Nxe6 Bxe3+ 26. Kh2 Rd7 27. Rf3 Kf7 28. Rxe3 Kxe6 29.
b3 Nf4 30. Kh1 Rd2 31. Rc1 Ned5 32. Nxd5 Nxd5 33. Rf3 f4 34. bxc4 bxc4 35. Be4 Rc8 36. Bxd5+ Kxd5 37. Rxf4 c3 38. Rf7 Kxe5 39. Re7+ Kd4 40.
Rd7+ Ke3 41. Re1+ Kf2 42. Rd1 Rxd7 43. Rxd7 c2 44. Rc7 Rxc7 0-1

[Event "Late-Titled-Tuesday-Blitz-October-03-2023"]
[Site "Chess.com"]
[Date "2023.10.03"]
[Round "8"]
[White "WindWhistler11"]
[Black "zajka-molotok"]
[Result "0-1"]
[WhiteElo "2464"]
[BlackElo "2572"]
[TimeControl "180+1"]
[EndTime "15:24:37 PDT"]
[Termination "zajka-molotok won on time"]

1. Nf3 d5 2. g3 Nd7 3. Bg2 e5 4. d3 Bd6 5. Nbd2 c6 6. e4 Ngf6 7. O-O O-O 8. a3 a5 9. b3 Re8 10. Bb2 Qb6 11. Nh4 Nc5 12. Nf5 Bxf5 13. exf5 Na4 14. Bc1 Qd4 15. Rb1 Nc3 16. Bb2 Bxa3 17. Bxc3 Qxc3 18. Nf3 e4 19. dxe4 dxe4 20. Nh4 Rad8 21.
Qe1 Bb4 22. Qxc3 Bxc3 23. Rfd1 Bd4 24. Bf1 Ng4 25. Rd2 e3 26. Re2 exf2+ 27. Kg2 Ne3+ 28. Kxf2 Nxf5+ 29. Kf3 Nxh4+ 30. gxh4 h5 31. Rd1 Bf6 32. Rxd8 Rxd8 33. Re3 Bxh4 34. Be2 Bf6 35. Rd3 Re8 36. Re3 Ra8 37. Rd3 g6 38. Rd7 b5 39. Bd3 a4 40.
bxa4 bxa4 41. Be4 a3 0-1

[Event "Late-Titled-Tuesday-Blitz-October-03-2023"]
[Site "Chess.com"]
[Date "2023.10.03"]
[Round "8"]
[White "Marasmus01"]
[Black "TanitoluwaAps116"]
[Result "0-1"]
[WhiteElo "2495"]
[BlackElo "2660"]
[TimeControl "180+1"]
[EndTime "15:24:39 PDT"]
[Termination "TanitoluwaAps116 won by resignation"]

1. c4 Nc6 2. Nf3 e5 3. Nc3 Nf6 4.
g3 d6 5. Bg2 g6 6. O-O Bg7 7.
d4 exd4 8. Nxd4 Bd7 9. Bg5 O-O 10. Nd5 Kh8 11. Nb5 Rc8 12. Qd2 a6 13. Nbc3 Re8 14.
Rae1 Kg8 15. e4 Ne5 16. b3 c6 17. Ne3 h6 18. Bxf6 Qxf6 19. f4 Nf3+ 20. Bxf3 Qxc3 21.
Qxd6 Bh3 22. Bg2 Rcd8 23. Qa3 Bxg2 24. Nxg2 Rd2 25. Qc1 Qd3 26. Kh1 Rxa2 27. Re3 Qd7 28. e5 Rd8 29. Rfe1 Qd2 30. Qxd2 Rdxd2 31. Nh4 Rxh2+ 32. Kg1 Bf8 33. Nf3 Rhg2+ 34. Kh1 Bc5 35. Re4 Rxg3 36. Rf1 Rh3+ 0-1

[Event "Late-Titled-Tuesday-Blitz-October-03-2023"]
[Site "Chess.com"]
[Date "2023.10.03"]
[Round "8"]
[White "chessajedrezz2020"]
[Black "tomozupan"]
[Result "1-0"]
[WhiteElo "2688"]
[BlackElo "2257"]
[TimeControl "180+1"]
[EndTime "15:24:39 PDT"]
[Termination "chessajedrezz2020 won on time"]

1. Nf3 Nf6 2. g3 g6 3. Bg2 Bg7 4. O-O O-O 5. c4 d5 6. cxd5 Nxd5 7. d4 Nc6 8. e4 Nb6 9. d5 Na5 10.
Nc3 c6 11. h3 cxd5 12. Nxd5 Nxd5 13. exd5 Nc4 14. Qe2 b5 15. Rd1 Bb7 16. Nd4 a6 17. Nc6 Bxc6 18. dxc6 Qc7 19. Rd7 Qb6 20. Rxe7 Rad8 21.
Be3 Nxe3 22. Qxe3 Qxe3 23. fxe3 Bxb2 24. Rf1 Rde8 25. Rb7 Rxe3 26. Bd5 Bd4 27. Kg2 Re2+ 28. Kf3 Rc2 29. Ke4 Kg7 30. Rfxf7+ Rxf7 31. Rxf7+ Kh6 32. Kxd4 Rd2+ 33. Kc5 Rc2+ 34. Kd6 Kg5 35. c7 b4 36. Bc6 Rd2+ 37. Kc5 b3 38. axb3 1-0

[Event "Late-Titled-Tuesday-Blitz-October-03-2023"]
[Site "Chess.com"]
[Date "2023.10.03"]
[Round "8"]
[White "maracayo"]
[Black "ETTrainer"]
[Result "0-1"]
[WhiteElo "2389"]
[BlackElo "2286"]
[TimeControl "180+1"]
[EndTime "15:24:41 PDT"]
[Termination "ETTrainer won on time"]

1. e4 c5 2. Nf3 a6 3. b3 Nc6 4.
Bb2 e6 5. Be2 d6 6. O-O Nf6 7. d3 Be7 8. Nbd2 O-O 9. Re1 b5 10. a4 Bb7 11. axb5 axb5 12. Rxa8 Qxa8 13. Qa1 Nb4 14. Qb1 Qa5 15. c3 Nc6 16. h3 Ra8 17. Qc2 Qb6 18. Bf1 b4 19. Nc4 Qc7 20. e5 Nd5 21. exd6 Bxd6 22. Nxd6 Qxd6 23. c4 Nde7 24. Ra1 Rxa1 25. Bxa1 Nf5 26. Qa2 h6 27. g4 Nfd4 28. Bg2 Nxf3+ 29. Bxf3 Qf4 30. Qe2 Nd4 31. Bxd4 Bxf3 32.
Qe3 Qxd4 33. Qxf3 Qc3 34. Qb7 Qxd3 35. Qe4 Qxe4 0-1

[Event "Late-Titled-Tuesday-Blitz-October-03-2023"]
[Site "Chess.com"]
[Date "2023.10.03"]
[Round "8"]
[White "santosalberto1987"]
[Black "TheMagician"]
[Result "0-1"]
[WhiteElo "2496"]
[BlackElo "2243"]
[TimeControl "180+1"]
[EndTime "15:24:44 PDT"]
[Termination "TheMagician won by resignation"]

1. e4 e5 2. Nf3 Nc6 3. Bc4 Bc5 4. c3 Bb6 5. O-O Qe7 6. Re1 Nf6 7. d3 d6 8. Nbd2 a6 9. Nf1 Ng4 10. Ne3 Nxe3 11. Bxe3 Bxe3 12. fxe3 Be6 13. Bxe6 Qxe6 14. Rf1 O-O 15. Nh4 Ne7 16. Nf5 Nxf5 17. exf5 Qf6 18.
Qf3 c6 19. g4 Qh4 20. Kg2 d5 21. h3 f6 22. Qg3 Qxg3+ 23. Kxg3 Rfd8 24. h4 h6 25. g5 hxg5 26. hxg5 Kf7 27. Kg4 fxg5 28. Kxg5 Rh8 29.
Rh1 Rae8 30. Raf1 e4 31. d4 a5 32. Rfg1 a4 33. Kf4 Rxh1 34. Rxh1 b5 35. a3 Kf6 36.
Rg1 Rh8 37. Rg6+ Kf7 38. Rxc6 Rh2 39. Ke5 Rxb2 40. Rc7+ Kg8 41. Kxd5 Rb3 42. Kxe4 Rxa3 43. Rb7 Rb3 44. Kd3 a3 45. Kc2 Rb2+ 46. Kc1 Re2 47. Rxb5 Re1+ 48. Kd2 a2 49. Ra5 a1=Q 50. Rxa1 Rxa1 51.
e4 Kf7 52. Kd3 Ke7 53. d5 Kd6 54. Kd4 Rd1+ 55. Ke3 Ke5 56. c4 Rd4 57. c5 Rxe4+ 58. Kf3 Kxd5 0-1

[Event "Late-Titled-Tuesday-Blitz-October-03-2023"]
[Site "Chess.com"]
[Date "2023.10.03"]
[Round "8"]
[White "Sacbutt"]
[Black "esskeettit"]
[Result "0-1"]
[WhiteElo "2260"]
[BlackElo "2469"]
[TimeControl "180+1"]
[EndTime "15:24:48 PDT"]
[Termination "esskeettit won on time"]

1. d4 Nf6 2. c4 e6 3. Nf3 d5 4. Nc3 Be7 5. Bg5 h6 6. Bh4 O-O 7.
e3 b6 8. Bxf6 Bxf6 9. cxd5 exd5 10. Bd3 c5 11. O-O Bb7 12. dxc5 bxc5 13. Rc1 Nd7 14. Qe2 Nb6 15. Rfd1 Qe7 16. Ba6 Bxa6 17. Qxa6 Rfd8 18. b3 d4 19. exd4 cxd4 20. Na4 Nxa4 21. Qxa4 d3 22. Qa5 Qe4 23. h3 Rd5 24. Qa6 Qe2 25. Rd2 Qe4 26. Rcd1 Rad8 27. Ne1 Bc3 28. Rxd3 Bxe1 29. Rxd5 Rxd5 30. Qc8+ Kh7 31. Rxd5 Qxd5 32. Qc2+ f5 33. Qe2 Bc3 34. Qc2 Bf6 35. g4 Qe5 36. gxf5 Qf4 37. a4 Qg5+ 38. Kf1 Qh4 39. Qd3 Qb4 40. f3 a5 41. Kg2 Qf4 42. Qb5 Qg5+ 43.
Kf2 Bd4+ 44. Ke2 Qe3+ 45. Kd1 Qxf3+ 0-1

[Event "Late-Titled-Tuesday-Blitz-October-03-2023"]
[Site "Chess.com"]
[Date "2023.10.03"]
[Round "8"]
[White "zverr1"]
[Black "flukeyNZ"]
[Result "1-0"]
[WhiteElo "2507"]
[BlackElo "2230"]
[TimeControl "180+1"]
[EndTime "15:24:48 PDT"]
[Termination "zverr1 won by resignation"]

1. e4 e6 2. d4 d5 3. Nc3 Nf6 4. Bg5 Bb4 5. e5 h6 6. Bd2 Bxc3 7. Bxc3 Ne4 8. Bd2 c5 9. Be3 Nc6 10. f3 Qh4+ 11. g3 Nxg3 12. Bf2 Nxd4 13. Bxg3 Qe7 14. c3 Nf5 15. Bf2 O-O 16. Bd3 Qg5 17. Kf1 b6 18. Qc1 Qh5 19. Qf4 Bb7 20. Ne2 Rad8 21.
Qg4 Qxg4 22. fxg4 d4 23. Rg1 Ne3+ 24. Bxe3 dxe3 25. Rd1 Kh8 26. Rg3 Ba6 27. Rxe3 Rd5 28. Bc2 Rxd1+ 29. Bxd1 Rd8 30. Ke1 Kg8 31. b3 Kf8 32. c4 Bb7 33. Bc2 Ke7 34. Rd3 Rc8 35. Re3 a6 36. Be4 Bxe4 37. Rxe4 b5 38. Nc3 b4 39. Na4 Rc6 40. Ke2 Rc7 41. Re3 Rc6 42. Rd3 g6 43. Ke3 Ke8 44. Rd6 Rxd6 45. exd6 Kd7 46. Nxc5+ Kxd6 47. Nxa6 Kc6 48. Nxb4+ 1-0

[Event "Late-Titled-Tuesday-Blitz-October-03-2023"]
[Site "Chess.com"]
[Date "2023.10.03"]
[Round "8"]
[White "Gyulamiryan-koryun"]
[Black "nicholas_ilic"]
[Result "0-1"]
[WhiteElo "1986"]
[BlackElo "2184"]
[TimeControl "180+1"]
[EndTime "15:24:50 PDT"]
[Termination "nicholas_ilic won on time"]

1. e4 c5 2. Nf3 Nc6 3. d4 cxd4 4. Nxd4 e5 5. Nb5 d6 6. N1c3 a6 7. Na3 Nf6 8. Bg5 Be7 9. Bxf6 gxf6 10. Nd5 f5 11.
Bd3 f4 12. c3 Be6 13. Bc4 b5 14. Bb3 Qa5 15. Nc2 O-O 16. Qh5 Kh8 17. O-O Rg8 18.
f3 Rg5 19. Qh6 Rg6 20. Qh5 Rag8 21. Nxe7 Rxg2+ 22. Kh1 Nxe7 23. Bxe6 fxe6 24. Qh4 Qc7 25. Qf6+ R2g7 26. Rg1 Ng6 27. Qxe6 Qd7 28. Qxd7 Rxd7 29. Nb4 a5 30. Nd5 Rf8 31. a4 bxa4 32. Rxa4 Rb7 33. b4 axb4 34. cxb4 Ne7 35. Rd1 Nxd5 36. Rxd5 Rc7 37. Ra1 Rc2 38. Rxd6 Rf2 39. Rd7 Rxf3 40.
Raa7 Rh3 41. Kg2 Rh6 42. h3 f3+ 43. Kf2 Rxh3 44. b5 Rh2+ 0-1

[Event "Late-Titled-Tuesday-Blitz-October-03-2023"]
[Site "Chess.com"]
[Date "2023.10.03"]
[Round "8"]
[White "GMG"]
[Black "GM_dmitrij"]
[Result "0-1"]
[WhiteElo "2763"]
[BlackElo "3047"]
[TimeControl "180+1"]
[EndTime "15:24:52 PDT"]
[Termination "GM_dmitrij won on time"]

1. d4 d5 2. Nf3 Nf6 3. c4 e6 4. Nc3 a6 5. cxd5 exd5 6. g3 Bd6 7. Qb3 c6 8. Bf4 O-O 9. e3 b5 10. Qc2 Bg4 11. Ne5 Be6 12. Bd3 c5 13. dxc5 Bxc5 14. Nxb5 Bb4+ 15. Nc3 h6 16. h4 Qa5 17. O-O Rc8 18.
Rac1 Nc6 19. a3 Bf8 20. Qa4 Qb6 21. Nxc6 Rxc6 22. Be5 Nd7 23. Bd4 Qb7 24. b4 Nb6 25. Bxb6 Qxb6 26. Ne2 Rxc1 27. Rxc1 a5 28. b5 Qd6 29.
Rc3 Bd7 30. Qf4 a4 31. Qxd6 Bxd6 32. Nf4 Rb8 33. Nxd5 Bxb5 34. Kf1 Be5 35. Bxb5 Rxb5 36. Rd3 Rb2 37. Ne7+ Kh7 38. Nc6 Bf6 39. Na5 Rc2 40. Rd4 Bxd4 41. exd4 Rc3 0-1

[Event "Late-Titled-Tuesday-Blitz-October-03-2023"]
[Site "Chess.com"]
[Date "2023.10.03"]
[Round "8"]
[White "HamedWafa4"]
[Black "victormago"]
[Result "0-1"]
[WhiteElo "2619"]
[BlackElo "2528"]
[TimeControl "180+1"]
[EndTime "15:24:52 PDT"]
[Termination "victormago won by resignation"]

1. Nf3 Nf6 2. c4 g6 3. b3 Bg7 4. Bb2 O-O 5. g3 c6 6. Bg2 d6 7. O-O a5 8. d3 e5 9. a3 Re8 10. b4 axb4 11. axb4 Rxa1 12. Bxa1 Na6 13. Qb3 Nd7 14.
Nbd2 h6 15. Ne4 Nf6 16. Nfd2 Nxe4 17. Nxe4 Be6 18. b5 Nc7 19. bxc6 bxc6 20. Bc3 d5 21.
Nc5 Bg4 22. Ba5 Qc8 23. Qb6 Ne6 24. Nb7 Qb8 25. cxd5 cxd5 26. Bxd5 Bxe2 27. Re1 Bxd3 28. Qc6 Nd4 29. Qc3 Ba6 30. Bc7 Qa7 31. Nd6 Rf8 32. Nxf7 Rxf7 33. Bxe5 Bxe5 34. Rxe5 Ne2+ 35.
Rxe2 Bxe2 36. Qf6 Bd3 37. h4 Qd7 38. Be6 Qc7 39. h5 gxh5 40. Qxh6 Qe7 41. Qg6+ Bxg6 0-1

[Event "Late-Titled-Tuesday-Blitz-October-03-2023"]
[Site "Chess.com"]
[Date "2023.10.03"]
[Round "8"]
[White "carokannlover213"]
[Black "Zq1"]
[Result "1-0"]
[WhiteElo "2717"]
[BlackElo "2525"]
[TimeControl "180+1"]
[EndTime "15:24:54 PDT"]
[Termination "carokannlover213 won on time"]

1. e4 c5 2. Nf3 d6 3. d4 cxd4 4. Nxd4 Nf6 5. Nc3 Nc6 6. Bg5 e6 7. Qd3 Be7 8. O-O-O Nxd4 9. Qxd4 O-O 10. f4 h6 11. Bh4 Qc7 12. Qc4 Qa5 13. Qb5 Qxb5 14. Bxb5 a6 15. Bd3 b5 16. e5 dxe5 17. fxe5 Nd5 18.
Bxe7 Nxe7 19. Be4 Ra7 20. Rd6 Rc7 21. Rhd1 g5 22. Ne2 Rc5 23. Ng3 Rxe5 24. Nh5 Nd5 25. Bxd5 exd5 26. R1xd5 Rxd5 27. Rxd5 Bb7 28. Rd6 Bxg2 29.
Rxh6 Bf3 30. Ng3 f6 31. Nf5 Be4 32. Nd6 Kg7 33. Rh3 Bg6 34. Re3 f5 35. Re2 f4 36.
Rf2 Rh8 37. Nb7 Rh3 38. Nc5 a5 39. Ne6+ Kf6 40. Nd4 Be4 41. Ne2 Ke5 42. Kd2 Rf3 43. Rxf3 Bxf3 44. Ng1 Bg4 45. Ke1 1-0